[Event "Titled Tuesday Blitz March 08 Early 2022"]
[White "Golubka, Petro"]
[Black "Madaminov, Mukhiddin"]
[WhiteFideId "14114224"]
[BlackFideId "14210703"]
[WhiteElo "2346"]
[BlackElo "1916"]
[Result "0-1"]
[Round "11"]
[TimeControl "180+1"]
[Date "2022.03.08"]
[WhiteClock "0:01:21"]
[BlackClock "0:00:52"]

1. e4 e6 2. d3 d5 3. Nd2 Nf6 4. h4 dxe4 5. dxe4 e5 6. Ngf3 Bc5 7. Bd3 O-O 8. Nb3 Bb6 9. Nxe5 Re8 10. Bf4 Nbd7 11. Nxd7 Nxe4 12. O-O Bxd7 13. Be3 Bxe3 14. fxe3 Ng3 15. Rf4 Rxe3 16. Qd2 Qe7 17. Nd4 Re8 18. Nf3 Bc6 19. Ng5 Ne2+ 20. Bxe2 Rxe2 21. Qd4 Rxg2+ 22. Kf1 Qe2# 0-1


[Site "https://www.chess.com"]

[Event "Titled Tuesday Blitz March 08 Early 2022"]
[White "Gracia Alvarez, Gerardo Antonio"]
[Black "Sanchez, Robert"]
[WhiteFideId "5109124"]
[BlackFideId "2034360"]
[WhiteElo "2139"]
[BlackElo "2281"]
[Result "1/2-1/2"]
[Round "11"]
[TimeControl "180+1"]
[Date "2022.03.09"]
[WhiteClock "0:00:11"]
[BlackClock "0:00:06"]

1. e4 e6 2. d4 d5 3. e5 c5 4. c3 Nc6 5. Nf3 Bd7 6. Be2 Nge7 7. Na3 cxd4 8. cxd4 Nf5 9. Nc2 Rc8 10. O-O Be7 11. g4 Nh4 12. Nxh4 Bxh4 13. Be3 f6 14. f4 O-O 15. Qd2 fxe5 16. fxe5 Qe7 17. Bd3 Rxf1+ 18. Rxf1 Rf8 19. b4 Rxf1+ 20. Kxf1 a6 21. a4 Nd8 22. b5 axb5 23. axb5 Nf7 24. b6 Ng5 25. Kg2 Ne4 26. Qb4 Qf7 27. Qa5 Qf8 28. Qa3 Be7 29. Qa7 Bc6 30. Ne1 h6 31. Nf3 Qf7 32. Qb8+ Kh7 33. Qc7 Qf8 34. Ba6 Bd8 35. Qc8 Qe7 36. h4 Bxb6 37. g5 Qf7 38. Bd3 Qf5 39. Nh2 hxg5 40. hxg5 Qg6 41. Nf3 Qh5 42. Nh2 Qg6 43. Nf3 Qh5 44. Nh2 Qg6 1/2-1/2


[Site "https://www.chess.com"]

[Event "Titled Tuesday Blitz March 08 Early 2022"]
[White "Grafil, Franz Robert"]
[Black "Einarsson, Halldor Gretar"]
[WhiteFideId "5205298"]
[BlackFideId "2300150"]
[WhiteElo "2211"]
[BlackElo "2114"]
[Result "1-0"]
[Round "11"]
[TimeControl "180+1"]
[Date "2022.03.09"]
[WhiteClock "0:00:24"]
[BlackClock "0:01:08"]

1. d4 Nf6 2. Nf3 g6 3. Bg5 Bg7 4. Nbd2 c5 5. c3 O-O 6. e4 cxd4 7. cxd4 Qa5 8. Bd3 d6 9. h3 h6 10. Be3 Nc6 11. a3 Bd7 12. b4 Qd8 13. O-O Nh7 14. Qb3 Ng5 15. Rad1 Rc8 16. Rfe1 Kh7 17. Bxg5 hxg5 18. Nxg5+ Kh6 19. Nxf7+ Rxf7 20. Qxf7 Bxd4 21. Nf3 Qg8 22. Qxg8 Rxg8 23. Bc4 1-0


[Site "https://www.chess.com"]

[Event "Titled Tuesday Blitz March 08 Early 2022"]
[White "Guseva, Marina"]
[Black "Manukian, Artak"]
[WhiteFideId "4149351"]
[BlackFideId "13301373"]
[WhiteElo "2160"]
[BlackElo "2504"]
[Result "0-1"]
[Round "11"]
[TimeControl "180+1"]
[Date "2022.03.09"]
[WhiteClock "0:00:14"]
[BlackClock "0:01:50"]

1. d4 Nf6 2. Nf3 d5 3. Bf4 Bg4 4. Ne5 Bf5 5. e3 Nbd7 6. c4 e6 7. Nc3 Nxe5 8. dxe5 Ne4 9. cxd5 Nxc3 10. bxc3 exd5 11. g4 Be4 12. f3 Bg6 13. Bg2 h5 14. gxh5 Rxh5 15. Bg3 Bc5 16. f4 c6 17. Bf3 Rh8 18. Bg4 Be4 19. O-O Qb6 0-1


[Site "https://www.chess.com"]

[Event "Titled Tuesday Blitz March 08 Early 2022"]
[White "Hambleton, Aman"]
[Black "Zhu, Jiner"]
[WhiteFideId "2606577"]
[BlackFideId "8608059"]
[WhiteElo "2552"]
[BlackElo "2281"]
[Result "1-0"]
[Round "11"]
[TimeControl "180+1"]
[Date "2022.03.08"]
[WhiteClock "0:00:02"]
[BlackClock "0:00:54"]

1. d4 Nf6 2. Bf4 d5 3. e3 e6 4. Nf3 Bd6 5. Nbd2 O-O 6. Bd3 c5 7. c3 b6 8. Qe2 Bb7 9. Bxd6 Qxd6 10. Ne5 Nbd7 11. f4 Ne4 12. O-O f6 13. Nxd7 Qxd7 14. Nxe4 dxe4 15. Bb5 Qe7 16. Rad1 Rfd8 17. f5 exf5 18. Rxf5 Kh8 19. Rdf1 cxd4 20. exd4 a6 21. Bc4 b5 22. Bb3 Rd6 23. Qe3 g6 24. R5f4 Rad8 25. g4 Re8 26. h3 Kg7 27. Kh2 h6 28. R4f2 Bc6 29. Kg2 Bd5 30. Bxd5 Rxd5 31. Rxf6 Qxf6 32. Rxf6 Kxf6 33. Qxh6 e3 34. Kf1 e2+ 35. Ke1 Re7 36. h4 Rdd7 37. h5 Rg7 38. Qf4+ Ke6 39. h6 Rgf7 40. Qe5# 1-0


[Site "https://www.chess.com"]

[Event "Titled Tuesday Blitz March 08 Early 2022"]
[White "Hartikainen, Jarmo"]
[Black "Butti, Enrique"]
[WhiteFideId "503134"]
[BlackFideId "3700470"]
[WhiteElo "2109"]
[BlackElo "2080"]
[Result "1-0"]
[Round "11"]
[TimeControl "180+1"]
[Date "2022.03.09"]
[WhiteClock "0:00:45"]
[BlackClock "0:01:19"]

1. e4 c5 2. Nf3 d6 3. d4 cxd4 4. Nxd4 Nf6 5. Nc3 g6 6. Be3 Bg7 7. f3 O-O 8. Qd2 Nc6 9. g4 Nxd4 10. Bxd4 Be6 11. O-O-O Qa5 12. a3 Rfc8 13. h4 Rc7 14. h5 Rac8 15. hxg6 fxg6 16. Bd3 Nxe4 17. Bxe4 Rxc3 18. Bxg7 Kxg7 19. Qd4+ Kg8 20. bxc3 Rxc3 21. Rxh7 1-0


[Site "https://www.chess.com"]

[Event "Titled Tuesday Blitz March 08 Early 2022"]
[White "Havas, Ladislav"]
[Black "Ezat, Mohamed"]
[WhiteFideId "14501090"]
[BlackFideId "10600906"]
[WhiteElo "2206"]
[BlackElo "2386"]
[Result "1/2-1/2"]
[Round "11"]
[TimeControl "180+1"]
[Date "2022.03.09"]
[WhiteClock "0:01:02"]
[BlackClock "0:00:15"]

1. d4 Nf6 2. Bg5 c5 3. d5 Qb6 4. Nc3 Qxb2 5. Bd2 Qb6 6. e4 d6 7. f4 a6 8. Nf3 Bg4 9. Rb1 Qc7 10. Be2 Nbd7 11. a4 g6 12. h3 Bxf3 13. Bxf3 Bg7 14. O-O O-O 15. Qe2 Rab8 16. g4 c4 17. Kg2 Rfc8 18. g5 Ne8 19. Bg4 Rd8 20. Rfe1 Nc5 21. e5 dxe5 22. fxe5 b5 23. axb5 axb5 24. Nxb5 Rxb5 25. Rxb5 Rxd5 26. Qxc4 Rxd2+ 27. Re2 Rxe2+ 28. Bxe2 Ne6 29. Qxc7 N6xc7 30. Rc5 h6 31. gxh6 Bxh6 32. Kf3 Kg7 33. Ke4 Bd2 34. h4 Ne6 35. Rc8 N8c7 36. Bc4 Be1 37. Bxe6 Nxe6 38. c4 Bf2 39. Kd5 Bxh4 40. c5 Be1 41. c6 Ba5 42. Rb8 Bc7 43. Rb7 g5 44. Ra7 Kg6 45. Ke4 g4 46. Ra2 Kg5 47. Rf2 Nc5+ 48. Kd5 Nd3 49. Rxf7 Nf4+ 50. Ke4 Ne6 51. Rf5+ Kg6 52. Rf1 Kg5 53. Rf5+ Kh4 54. Rf1 g3 55. Kf5 Kh3 56. Kxe6 g2 57. Rg1 Kg3 58. Kxe7 Bxe5 59. Kd7 Kf2 60. Rxg2+ Kxg2 61. c7 Bxc7 1/2-1/2


[Site "https://www.chess.com"]

[Event "Titled Tuesday Blitz March 08 Early 2022"]
[White "Hernandez Jimenez, Alexander Andres"]
[Black "Nguyen Hong Nhung"]
[WhiteFideId "3900452"]
[BlackFideId "12412201"]
[WhiteElo "2082"]
[BlackElo "1661"]
[Result "0-1"]
[Round "11"]
[TimeControl "180+1"]
[Date "2022.03.09"]
[WhiteClock "0:00:01"]
[BlackClock "0:01:12"]

1. e4 c5 2. Nf3 e6 3. d4 cxd4 4. Nxd4 Nc6 5. c4 Nf6 6. Nc3 Bb4 7. Nxc6 bxc6 8. Bd3 e5 9. O-O Bc5 10. Qe2 O-O 11. Be3 Bd4 12. Rad1 d6 13. f4 Qb6 14. Bxd4 Qxd4+ 15. Qf2 Qxf2+ 16. Rxf2 exf4 17. Rxf4 Be6 18. Bf1 Rfd8 19. h3 Rab8 20. Rf2 Rb4 21. Rfd2 h6 22. Rxd6 Rxd6 23. Rxd6 Rxb2 24. Rxc6 Rc2 25. Nd5 Nxe4 26. Ne7+ Kh8 27. Bd3 Rc1+ 28. Kh2 Nf2 29. Rd6 Nxd3 30. Rxd3 Rxc4 31. Rd8+ Kh7 32. Kg3 Rc3+ 33. Kf4 Bxa2 34. Nf5 Be6 35. Nd4 Rc4 36. Ke5 Rc5+ 37. Ke4 Bc4 38. Rd7 a5 39. g4 a4 40. Ra7 Bb3 41. Nxb3 axb3 42. Rb7 Rc3 43. h4 Kg6 44. Rb6+ f6 45. Kf4 Rc4+ 46. Kg3 Rc3+ 47. Kf4 Kf7 48. h5 Ke7 49. Ke4 Kd7 50. Kf4 Kc7 51. Rb4 Kc6 52. Kf5 Kc5 53. Rb8 Kc4 54. Kg6 Rg3 55. Kxg7 Rxg4+ 56. Kxf6 Kc3 57. Rc8+ Kb2 58. Rb8 Kc2 59. Kf5 Rg2 0-1


[Site "https://www.chess.com"]

[Event "Titled Tuesday Blitz March 08 Early 2022"]
[White "Hess, Max"]
[Black "Vivas Zamora, Fabian Ernesto"]
[WhiteFideId "24656666"]
[BlackFideId "3902480"]
[WhiteElo "2276"]
[BlackElo "1966"]
[Result "0-1"]
[Round "11"]
[TimeControl "180+1"]
[Date "2022.03.09"]
[WhiteClock "0:00:03"]
[BlackClock "0:00:02"]

1. d4 Nf6 2. Nf3 g6 3. g3 Bg7 4. Bg2 O-O 5. O-O d5 6. c4 dxc4 7. Na3 c3 8. bxc3 c5 9. Re1 Nc6 10. Bb2 Bf5 11. Nh4 Be6 12. e4 cxd4 13. cxd4 Nh5 14. Nc2 Qb6 15. Rb1 Bxa2 16. e5 Rfd8 17. Qc1 Bxb1 18. Qxb1 Nb4 19. Ne3 Bh6 20. Nc4 Qa6 21. Ne3 Qd3 22. Ba1 Qxb1 23. Rxb1 Nc6 24. Rxb7 Nxd4 25. Rb4 Ne2+ 26. Kf1 Bxe3 27. fxe3 Rab8 28. Rxb8 Rxb8 29. Kxe2 a5 30. Bd5 a4 31. Nf3 Rb1 32. Bd4 e6 33. Bc4 Rb4 34. Kd3 a3 35. Kc3 Rb8 36. Ng5 Ng7 37. Ba2 Nf5 38. Ne4 Ne7 39. Bc5 Nc6 40. Bxa3 Nxe5 41. Bd6 Rc8+ 42. Kb2 Nd3+ 43. Ka1 Rc1+ 44. Bb1 Re1 0-1


[Site "https://www.chess.com"]

[Event "Titled Tuesday Blitz March 08 Early 2022"]
[White "Horak, Martin"]
[Black "Pinheiro, Iung Alicio de O."]
[WhiteFideId "367095"]
[BlackFideId "2104350"]
[WhiteElo "1997"]
[BlackElo "2552"]
[Result "0-1"]
[Round "11"]
[TimeControl "180+1"]
[Date "2022.03.09"]
[WhiteClock "0:00:01"]
[BlackClock "0:00:11"]

1. d4 Nf6 2. Bg5 Ne4 3. h4 h6 4. Bf4 c5 5. d5 Qb6 6. Nd2 Nxd2 7. Bxd2 e5 8. Bc3 d6 9. Nf3 Be7 10. Nd2 Qd8 11. e4 O-O 12. g3 f5 13. exf5 Bxf5 14. Bh3 Bxh3 15. Rxh3 Qd7 16. Rh2 Qf5 17. a4 Nd7 18. Nc4 Qe4+ 19. Ne3 c4 20. Qg4 Nf6 21. Qxe4 Nxe4 22. Ke2 Rac8 23. a5 Rc5 24. Bb4 Rb5 25. c3 Nf6 26. Rd1 Rd8 27. g4 b6 28. a6 Ne4 29. Nf5 Bf8 30. f3 Nf6 31. g5 Nxd5 32. gxh6 g6 33. Ng3 Nxb4 34. cxb4 Rxb4 35. Rd2 d5 36. Ne4 Be7 37. Ng5 Bxg5 38. hxg5 d4 39. Rh4 Kh7 40. Re4 Rd5 41. f4 Rbb5 42. fxe5 Rxe5 43. Rxe5 Rxe5+ 44. Kf3 d3 45. Kf4 Rf5+ 46. Kg4 Re5 47. b3 Re2 48. Rd1 Rg2+ 49. Kf4 Rf2+ 50. Kg4 Rc2 51. bxc4 d2 52. Kf3 Rxc4 53. Rxd2 Rc3+ 54. Kf4 Rc7 55. Rd6 Rf7+ 56. Ke5 Rc7 57. Kf6 b5 58. Rd5 Rc6+ 59. Ke5 Rb6 60. Rd3 b4 61. Rb3 Kg8 62. Kd5 Rb5+ 63. Kc4 Rxg5 64. Kxb4 Kh7 0-1


[Site "https://www.chess.com"]

[Event "Titled Tuesday Blitz March 08 Early 2022"]
[White "Hryshchenko, Kamila"]
[Black "Polster, Christian"]
[WhiteFideId "14147491"]
[BlackFideId "12965081"]
[WhiteElo "1929"]
[BlackElo "2284"]
[Result "1-0"]
[Round "11"]
[TimeControl "180+1"]
[Date "2022.03.09"]
[WhiteClock "0:00:36"]
[BlackClock "0:00:09"]

1. e4 c5 2. Nf3 d6 3. d4 cxd4 4. Qxd4 Nc6 5. Bb5 Bd7 6. Qd3 Nf6 7. O-O g6 8. c4 Bg7 9. Nc3 O-O 10. h3 a6 11. Bxc6 Bxc6 12. Be3 Qa5 13. Nd4 Rfc8 14. Rac1 Nd7 15. b3 b5 16. cxb5 Bxb5 17. Ncxb5 axb5 18. Nc6 Rxc6 19. Rxc6 Ne5 20. Qc2 Nxc6 21. Qxc6 Qa6 22. Qd7 Bf6 23. Rc1 Qxa2 24. Qxb5 Kg7 25. g3 Ra3 26. Rc8 Rxb3 27. Qe8 g5 28. Qg8+ Kh6 29. h4 Qb1+ 30. Rc1 Qxe4 31. hxg5+ Kh5 32. Qxf7+ Kg4 33. Qxb3 Kh3 34. Kf1 1-0


[Site "https://www.chess.com"]

[Event "Titled Tuesday Blitz March 08 Early 2022"]
[White "Ianov, Viktor"]
[Black "Janturin, Artur"]
[WhiteFideId "14102730"]
[BlackFideId "4130022"]
[WhiteElo "2161"]
[BlackElo "2351"]
[Result "1-0"]
[Round "11"]
[TimeControl "180+1"]
[Date "2022.03.09"]
[WhiteClock "0:01:56"]
[BlackClock "0:00:22"]

1. Nf3 e6 2. g3 b6 3. Bg2 Bb7 4. c4 Nf6 5. O-O Be7 6. Nc3 Ne4 7. Qc2 Nxc3 8. Qxc3 O-O 9. d4 Be4 10. b3 d6 11. Bb2 Nd7 12. Rfd1 Bf6 13. Qd2 Qe7 14. Bh3 Rae8 15. Ne1 a5 16. f3 Bg6 17. e4 e5 18. d5 Bg5 19. Qc2 Be3+ 20. Kh1 Nc5 21. Ng2 Bh6 22. a3 a4 23. b4 Nb3 24. Rab1 Nd4 25. Bxd4 exd4 26. Rxd4 Qe5 27. Rbd1 f5 28. f4 Qf6 29. exf5 Bh5 30. g4 1-0


[Site "https://www.chess.com"]

[Event "Titled Tuesday Blitz March 08 Early 2022"]
[White "Ibraev, Vasilij"]
[Black "Iljin, Timofey"]
[WhiteFideId "4175190"]
[BlackFideId "14110180"]
[WhiteElo "2121"]
[BlackElo "2396"]
[Result "1-0"]
[Round "11"]
[TimeControl "180+1"]
[Date "2022.03.09"]
[WhiteClock "0:00:55"]
[BlackClock "0:00:52"]

1. d4 f5 2. e4 fxe4 3. Nc3 Nf6 4. Bg5 g6 5. Bxf6 exf6 6. Nxe4 Bg7 7. Nf3 O-O 8. Bd3 d5 9. Ng3 Nc6 10. O-O Bg4 11. c3 Qd7 12. h3 Be6 13. Re1 Rfe8 14. Qb3 Rab8 15. Re2 Bf7 16. Rae1 Rxe2 17. Rxe2 h5 18. Nh4 Ne7 19. Qc2 f5 20. Nf3 Nc6 21. Ng5 Re8 22. Nxf7 Qxf7 23. Rxe8+ Qxe8 24. Qb3 Ne7 25. Qxb7 Qc6 26. Qxa7 f4 27. Nf1 Qd6 28. a4 Nc6 29. Qa8+ Kh7 30. Bb5 Ne7 31. a5 f3 32. g3 h4 33. g4 g5 34. Bd3+ Ng6 35. Qe8 Kh6 36. Qxg6+ Qxg6 37. Bxg6 Kxg6 38. a6 c5 39. a7 cxd4 40. cxd4 Bxd4 41. a8=Q Bxb2 42. Qxd5 Bf6 43. Qxf3 Kg7 44. Ne3 Kg6 45. Qf5+ Kg7 46. Nd5 Kf7 47. Qxf6+ Ke8 48. Qg7 Kd8 49. Qe7+ Kc8 50. Qc7# 1-0


[Site "https://www.chess.com"]

[Event "Titled Tuesday Blitz March 08 Early 2022"]
[White "Iskusnyh, Sergei"]
[Black "parintele_chess"]
[WhiteFideId "4120027"]
[WhiteElo "2492"]
[BlackElo "2238"]
[Result "1-0"]
[Round "11"]
[TimeControl "180+1"]
[Date "2022.03.09"]
[WhiteClock "0:01:29"]
[BlackClock "0:00:25"]

1. d4 d5 2. c4 e6 3. Nf3 Nf6 4. g3 Be7 5. Bg2 O-O 6. Qc2 dxc4 7. Qxc4 a6 8. Qc2 b5 9. Bf4 Nd5 10. Nc3 Nxf4 11. gxf4 Ra7 12. O-O-O Bd6 13. e3 b4 14. Ne4 f5 15. Nc5 Qe7 16. Ne5 Nd7 17. Nc6 Qf6 18. Nxd7 Bxd7 19. Nxa7 Qd8 20. Nc6 Qe8 21. Ne5 Bxe5 22. dxe5 Ba4 23. b3 Bb5 24. Rd4 Qb8 25. Bc6 a5 26. Rhd1 Qb6 27. Bxb5 Qxb5 28. Qc4 Qb6 29. Rd8 Rxd8 30. Rxd8+ Kf7 31. Rd7+ Kg6 32. Qxc7 Qa6 33. Rxg7+ Kh5 34. Rg5+ Kh6 35. Qg7# 1-0


[Site "https://www.chess.com"]

[Event "Titled Tuesday Blitz March 08 Early 2022"]
[White "Ismayil, Malak"]
[Black "Kim, Sergey"]
[WhiteFideId "13412604"]
[BlackFideId "13700570"]
[WhiteElo "1879"]
[BlackElo "2535"]
[Result "0-1"]
[Round "11"]
[TimeControl "180+1"]
[Date "2022.03.09"]
[WhiteClock "0:00:02"]
[BlackClock "0:00:56"]

1. e4 e5 2. Nf3 Nc6 3. Bc4 Bc5 4. d3 Nf6 5. Nc3 d6 6. h3 a6 7. O-O Ba7 8. Be3 O-O 9. Bg5 Be6 10. Bd5 Qe7 11. Re1 Nd8 12. d4 c6 13. Bb3 Bxb3 14. axb3 Ne6 15. dxe5 dxe5 16. Be3 Rfd8 17. Qe2 Nd4 18. Bxd4 exd4 19. Nb1 c5 20. Nbd2 Re8 21. Qd3 Bb8 22. b4 b6 23. bxc5 bxc5 24. Rxa6 Bf4 25. Rea1 Rxa6 26. Rxa6 h6 27. g3 Bxd2 28. Nxd2 Nxe4 29. Nxe4 Qxe4 30. Qxe4 Rxe4 31. Rc6 Re5 32. f4 Rd5 33. Kf2 f5 34. Ke2 g5 35. Kd3 gxf4 36. gxf4 Kg7 37. Kc4 d3 38. cxd3 Rd4+ 39. Kc3 Rxf4 40. Rxc5 Rf3 41. b4 Kf6 42. h4 Rf1 43. Rc6+ Kg7 44. b5 f4 45. Kd4 Rb1 46. b6 Rb4+ 47. Kc3 Rb1 48. Kc2 Rb5 49. d4 f3 50. Kd2 Rb3 51. Ke1 Rb2 52. d5 h5 53. d6 Kf6 54. d7+ Ke7 55. Rd6 Kd8 56. Kf1 f2 0-1


[Site "https://www.chess.com"]

[Event "Titled Tuesday Blitz March 08 Early 2022"]
[White "Istvanovszki, Martin"]
[Black "Karolczuk, Iwo"]
[WhiteFideId "726958"]
[BlackFideId "21816972"]
[WhiteElo "2345"]
[BlackElo "2243"]
[Result "0-1"]
[Round "11"]
[TimeControl "180+1"]
[Date "2022.03.09"]
[WhiteClock "0:00:22"]
[BlackClock "0:00:06"]

1. e4 e5 2. d4 exd4 3. Qxd4 Nc6 4. Qe3 Nf6 5. Nc3 Bb4 6. Bd2 O-O 7. O-O-O Re8 8. Qg3 Rxe4 9. a3 Bxc3 10. Bxc3 d6 11. Bd3 Rg4 12. Qe3 Be6 13. Nf3 Nd5 14. Qd2 Nxc3 15. Qxc3 Rxg2 16. Rhg1 Rxg1 17. Rxg1 g6 18. h4 Ne5 19. Nxe5 dxe5 20. h5 Qd4 21. hxg6 hxg6 22. Qxc7 e4 23. Qf4 Bf5 24. Qxf5 exd3 25. cxd3 Rd8 26. Rg3 Kg7 27. Qe4 Qxf2 28. Rf3 Qg1+ 29. Kc2 Qc5+ 30. Kd2 Qd5 31. Qf4 Qe6 32. Re3 Qf6 33. Qg3 Qxb2+ 34. Ke1 Rc8 35. Qe5+ Qxe5 36. Rxe5 Rc7 37. Rd5 f5 38. Ke2 Kf6 39. Ke3 g5 40. Rb5 b6 41. a4 Re7+ 42. Kf3 f4 43. Kg4 Re5 44. Rb4 Re3 45. a5 Rg3+ 46. Kh5 bxa5 47. Rb8 f3 48. Rf8+ Ke5 49. Re8+ Kd4 50. Rd8+ Ke3 51. Re8+ Kf2 52. d4 g4 53. Kh4 Rg1 54. Rg8 g3 55. Rf8 Rh1+ 56. Kg4 Kg2 57. Rxf3 Rh4+ 58. Kxh4 Kxf3 59. d5 g2 60. d6 g1=Q 61. d7 Qg4# 0-1


[Site "https://www.chess.com"]

[Event "Titled Tuesday Blitz March 08 Early 2022"]
[White "Jakubowska, Anna"]
[Black "Gatterer, Florian"]
[WhiteFideId "1121952"]
[BlackFideId "811688"]
[WhiteElo "1924"]
[BlackElo "2218"]
[Result "0-1"]
[Round "11"]
[TimeControl "180+1"]
[Date "2022.03.09"]
[WhiteClock "0:00:01"]
[BlackClock "0:00:07"]

1. e4 c5 2. Nf3 e6 3. d4 cxd4 4. Nxd4 Nc6 5. Nc3 Qc7 6. Be3 a6 7. Be2 Nf6 8. O-O Be7 9. f4 d6 10. Bf3 Nxd4 11. Bxd4 e5 12. Be3 b5 13. a4 b4 14. Nd5 Nxd5 15. exd5 exf4 16. Bxf4 O-O 17. Kh1 Bf6 18. Rb1 Bf5 19. Qd2 a5 20. b3 Rfe8 21. g4 Bg6 22. Rf2 Be5 23. Bxe5 Rxe5 24. Rbf1 Rc8 25. Bd1 Qc3 26. h4 Be4+ 27. Kh2 Bxd5 28. Qxc3 Rxc3 29. Rd2 f6 30. Be2 Kf8 31. g5 Ke7 32. gxf6+ gxf6 33. Bd3 Rh5 34. Re2+ Re5 35. Ref2 Rh5 36. Re2+ Re5 37. Ref2 Bxb3 38. Rxf6 Bxc2 39. Rf7+ Ke6 40. R7f6+ Kd5 41. Bb5 Bd3 42. Rd1 Re3 43. Rf5+ Ke6 44. Bxd3 Rcxd3 45. Rxd3 Rxd3 46. Rxa5 Rd5 47. Ra7 Rd2+ 48. Kg3 h5 49. Rb7 Rd4 50. a5 Rd3+ 51. Kf4 b3 52. a6 Rd4+ 53. Kg5 Ra4 54. Kxh5 Rxa6 55. Rxb3 d5 56. Rg3 Ra1 57. Kg6 Ra8 58. Kg7 Ra7+ 59. Kg6 d4 0-1


[Site "https://www.chess.com"]

[Event "Titled Tuesday Blitz March 08 Early 2022"]
[White "Jary, Sergey"]
[Black "Murzin, Volodar"]
[WhiteFideId "14110350"]
[BlackFideId "44155573"]
[WhiteElo "2260"]
[BlackElo "2585"]
[Result "1-0"]
[Round "11"]
[TimeControl "180+1"]
[Date "2022.03.08"]
[WhiteClock "0:00:23"]
[BlackClock "0:00:01"]

1. e4 c5 2. Nf3 d6 3. d4 cxd4 4. Nxd4 Nf6 5. f3 e5 6. Bb5+ Bd7 7. Bxd7+ Qxd7 8. Nf5 d5 9. Bg5 dxe4 10. Bxf6 Qxd1+ 11. Kxd1 gxf6 12. fxe4 Rg8 13. g3 Nd7 14. Ke2 O-O-O 15. c3 Nc5 16. Nd2 h5 17. Rad1 Rg4 18. h3 Rg5 19. Kf3 Rd3+ 20. Ke2 Rd7 21. Kf3 Na4 22. Nc4 Rc7 23. Nfd6+ Kb8 24. h4 Rg4 25. Rd2 f5 26. Nxe5 Bxd6 27. Rxd6 fxe4+ 28. Kg2 Rg8 29. Rd2 Nc5 30. Rd5 Kc8 31. Rhd1 f6 32. Nc4 Nd3 33. Nd6+ Kb8 34. Rd2 Nf4+ 35. Kf2 e3+ 36. Kxe3 Nxd5+ 37. Rxd5 Rxg3+ 38. Kf2 Rg4 39. Rxh5 Rc6 40. Rh8+ Kc7 41. Nb5+ Kb6 42. Nd4 Rd6 43. a4 a6 44. b4 Ka7 45. a5 f5 46. b5 Rgxd4 47. b6+ 1-0


[Site "https://www.chess.com"]

[Event "Titled Tuesday Blitz March 08 Early 2022"]
[White "Jaskolka, Tomasz"]
[Black "Krysa, Leandro"]
[WhiteFideId "1170791"]
[BlackFideId "116807"]
[WhiteElo "2073"]
[BlackElo "2490"]
[Result "0-1"]
[Round "11"]
[TimeControl "180+1"]
[Date "2022.03.08"]
[WhiteClock "0:00:06"]
[BlackClock "0:00:18"]

1. d4 d5 2. Bf4 Nf6 3. e3 Bg4 4. Nf3 c5 5. c3 Qb6 6. Qb3 c4 7. Qc2 Nc6 8. b3 cxb3 9. axb3 e6 10. Nbd2 Be7 11. Bd3 Bh5 12. O-O Bg6 13. Ne5 Bxd3 14. Qxd3 O-O 15. Nxc6 bxc6 16. Ra6 Qb7 17. h3 c5 18. Rfa1 Nd7 19. Qc2 cxd4 20. exd4 Rfc8 21. c4 Bb4 22. c5 e5 23. c6 Qb5 24. dxe5 Nc5 25. Rxa7 Rxa7 26. Rxa7 Qxc6 27. Qf5 Qe6 28. Qxe6 Nxe6 29. Be3 d4 30. Nc4 dxe3 31. fxe3 g6 32. Kf2 Bc5 33. Rb7 Bf8 34. Kf3 Nc5 35. Ra7 Nxb3 36. Nd6 Bxd6 37. exd6 Rd8 38. Ra6 Nc5 39. Rb6 Nd7 40. Ra6 Kg7 41. e4 Kf6 42. g4 Ke6 43. Kf4 h6 44. h4 f6 45. g5 fxg5+ 46. hxg5 h5 47. e5 Rf8+ 48. Ke4 Rf5 49. Ra7 Rxe5+ 50. Kf4 Rf5+ 51. Kg3 Rxg5+ 52. Kh4 Rg4+ 53. Kh3 Rd4 54. Ra8 Rxd6 55. Re8+ Kf5 56. Re7 Nf6 57. Re2 Rd3+ 58. Kh2 Ne4 59. Re1 g5 60. Rf1+ Kg4 61. Rg1+ Rg3 62. Rf1 h4 63. Rf2 Rh3+ 64. Kg2 Nxf2 65. Kg1 Ne4 66. Kg2 Ra3 67. Kh2 Ra2+ 68. Kg1 Kf3 69. Kf1 Ra1# 0-1


[Site "https://www.chess.com"]

[Event "Titled Tuesday Blitz March 08 Early 2022"]
[White "Kett, Tim"]
[Black "Popadic, Dragan"]
[WhiteFideId "1801210"]
[BlackFideId "913650"]
[WhiteElo "2098"]
[BlackElo "2222"]
[Result "0-1"]
[Round "11"]
[TimeControl "180+1"]
[Date "2022.03.09"]
[WhiteClock "0:00:35"]
[BlackClock "0:01:48"]

1. e4 c5 2. Nf3 Nc6 3. d4 cxd4 4. Nxd4 Nf6 5. Nc3 e5 6. Ndb5 d6 7. Bg5 a6 8. Na3 b5 9. Bxf6 gxf6 10. Nd5 Bg7 11. Bd3 Ne7 12. Nxe7 Qxe7 13. c3 f5 14. Nc2 f4 15. g3 Qf6 16. Nb4 Bb7 17. a4 bxa4 18. Rxa4 a5 19. Nd5 Bxd5 20. exd5 O-O 21. Qh5 h6 22. gxf4 exf4 23. Rg1 Rfe8+ 24. Kd2 Rab8 25. Kc2 Rxb2+ 26. Kd1 Qxc3 27. Rxg7+ Kxg7 0-1


[Site "https://www.chess.com"]

[Event "Titled Tuesday Blitz March 08 Early 2022"]
[White "Khamdamova, Afruza"]
[Black "Rudykh, Stepan"]
[WhiteFideId "14210444"]
[BlackFideId "4180321"]
[WhiteElo "1660"]
[BlackElo "2121"]
[Result "1-0"]
[Round "11"]
[TimeControl "180+1"]
[Date "2022.03.09"]
[WhiteClock "0:00:18"]
[BlackClock "0:00:09"]

1. e4 e6 2. d4 d5 3. Nd2 Nf6 4. e5 Nfd7 5. Ngf3 c5 6. c3 Nc6 7. Bd3 g5 8. h3 h5 9. Nf1 Rg8 10. Ng3 g4 11. hxg4 hxg4 12. Ng1 cxd4 13. cxd4 Qb6 14. N1e2 Nxd4 15. Be3 Qa5+ 16. Bd2 Bb4 17. Nxd4 Nxe5 18. Be2 Bd7 19. Nb3 Qb6 20. Bxb4 Qxb4+ 21. Qd2 Qd6 22. Ne4 Qe7 23. Nec5 Bc6 24. O-O-O a5 25. Nd3 Nc4 26. Qc3 b5 27. Nd4 Bd7 28. Kb1 b4 29. Qc2 a4 30. Rhe1 b3 31. axb3 axb3 32. Qxb3 Qf6 33. Nc5 Qxf2 34. Nxd7 Kxd7 35. Bxc4 Rgb8 36. Bb5+ Kd8 37. Nxe6+ fxe6 38. Qb4 1-0


[Site "https://www.chess.com"]

[Event "Titled Tuesday Blitz March 08 Early 2022"]
[White "Kirillov, Dmitry"]
[Black "Samaganova, Aleksandra"]
[WhiteFideId "34180572"]
[BlackFideId "13800221"]
[WhiteElo "2076"]
[BlackElo "1859"]
[Result "1-0"]
[Round "11"]
[TimeControl "180+1"]
[Date "2022.03.09"]
[WhiteClock "0:00:09"]
[BlackClock "0:00:07"]

1. d4 Nf6 2. c4 e6 3. Nf3 b6 4. e3 Bb7 5. Nc3 Bb4 6. Bd3 O-O 7. O-O Bxc3 8. bxc3 Ne4 9. Ne1 f5 10. f3 Nd6 11. Qe2 Nc6 12. e4 fxe4 13. fxe4 Rxf1+ 14. Qxf1 Qf6 15. Nf3 Qf8 16. Qe2 h6 17. Ba3 Qf4 18. Rf1 Rf8 19. e5 Nf7 20. Bxf8 Kxf8 21. d5 Ncd8 22. Nd4 Qg5 23. dxe6 dxe6 24. Be4 Qxe5 25. Rxf7+ Kxf7 26. Qf3+ Ke7 27. Bxb7 Qe1+ 28. Qf1 Qxf1+ 29. Kxf1 Nxb7 30. Nc6+ Kd6 31. Nxa7 Na5 32. Nb5+ Kd7 33. c5 bxc5 34. Ke2 Kc6 35. Na3 c4 36. Ke3 Kc5 37. Nc2 Nc6 38. Ke4 Kd6 39. Ne3 e5 40. Nxc4+ Ke6 41. Ne3 g6 42. Nd5 h5 43. Nxc7+ Kd6 44. Nd5 Ke6 45. Ne3 Ne7 46. Nc4 Nc6 47. a4 Na7 48. a5 Nc6 49. a6 Kd7 50. Nxe5+ Nxe5 51. Kxe5 Kc6 52. Kf6 Kb6 53. Kxg6 Kxa6 54. Kxh5 Kb5 55. g4 Kc4 56. g5 Kxc3 57. g6 1-0


[Site "https://www.chess.com"]

[Event "Titled Tuesday Blitz March 08 Early 2022"]
[White "Kollars, Dmitrij"]
[Black "Sadhwani, Raunak"]
[WhiteFideId "12909572"]
[BlackFideId "35093487"]
[WhiteElo "2584"]
[BlackElo "2616"]
[Result "1-0"]
[Round "11"]
[TimeControl "180+1"]
[Date "2022.03.08"]
[WhiteClock "0:00:19"]
[BlackClock "0:00:04"]

1. e4 e5 2. Nf3 Nc6 3. Nc3 Nf6 4. d4 exd4 5. Nxd4 Bb4 6. Nxc6 bxc6 7. Bd3 O-O 8. O-O d5 9. Bd2 Re8 10. Nxd5 cxd5 11. Bxb4 dxe4 12. Bb5 Bd7 13. Bxd7 Qxd7 14. Qxd7 Nxd7 15. Rad1 Ne5 16. Rd5 c6 17. Rd4 f5 18. Rfd1 Kf7 19. Kf1 a6 20. Bc3 Re7 21. Rd8 Rxd8 22. Rxd8 Ng4 23. h3 Nf6 24. Rc8 Re6 25. Rc7+ Kg6 26. g3 h5 27. h4 a5 28. a4 Rd6 29. Ke2 Re6 30. Ra7 Nd5 31. Rxg7+ Kh6 32. Ra7 f4 33. gxf4 Nxf4+ 34. Kf1 Nd5 35. Bd2+ Kg6 36. Rxa5 Rf6 37. Ke2 Re6 38. c4 Ne7 39. Rg5+ 1-0


[Site "https://www.chess.com"]